AoeStats
← 啊超

Arena

506643344Analyzed
4v4 RM · 16d ago on Sep 14, 2026· 51m 22s· 8 players
Game mode
Random Map
Map size
Large (8 player)
Population
200
Speed
Normal
Resources
Standard
Victory
Conquest
Starting age
Dark Age
Ending age
Imperial Age
RankedLock teamsTeams togetherTeam positionsShared explorationLock speedFull tech treeHidden civsTurbo modeCheats
Victory
Defeat
🇨🇳 Turks · China
1198
+13
🇩🇪 Bohemians · Germany
1197
+13
🇩🇪 Franks · Germany
1138
+15
🇨🇳 Goths · China
1078
+18
🇻🇳 Persians · Vietnam
1166
-16
1153
-16
🇯🇵 Cumans · Japan
1102
-14
🇦🇺 Celts · Australia
1089
-13
Gelbe Wand
9:20 Loom
11:30 Feudal Age
16:37 Castle Age
16:17 Double-Bit Axe
25:45 Wheelbarrow
31:30 Imperial Age
29:36 Gold Mining
29:39 Stone Mining
30:06 Bow Saw
30:25 Scale Barding Armor
30:48 Forging
31:46 Cavalier
32:30 Husbandry
33:47 Chain Barding Armor
34:03 Iron Casting
35:00 Paladin
38:12 Hand Cart
38:47 Gold Shaft Mining
41:08 Plate Barding Armor
45:25 Blast Furnace
44:26 Padded Archer Armor
46:47 Man-at-Arms
48:17 Long Swordsman
49:22 Two-Handed Swordsman
50:17 Champion
Nahiru
10:55 Feudal Age
14:29 Castle Age
13:06 Town Watch
13:10 Double-Bit Axe
13:18 Town Watch
14:37 Horse Collar
15:32 Loom
20:21 Bow Saw
27:38 Wheelbarrow
31:26 Imperial Age
29:42 Masonry
30:00 Heavy Plow
31:24 Chemistry
32:51 Hand Cart
33:10 Architecture
33:39 Fletching
35:17 Padded Archer Armor
38:41 Leather Archer Armor
39:19 Siege Engineers
41:13 Houfnice
50:00 Wagenburg Tactics
50:18 Conscription
啊超
10:38 Feudal Age
16:02 Castle Age
14:24 Double-Bit Axe
15:13 Loom
15:39 Horse Collar
31:12 Imperial Age
29:39 Anarchy
30:10 Forging
30:12 Gold Mining
30:31 Squires
31:10 Scale Mail Armor
31:38 Pikeman
33:36 Chemistry
34:21 Iron Casting
34:28 Wheelbarrow
33:44 Halberdier
34:05 Man-at-Arms
35:38 Perfusion
36:16 Hand Cart
36:19 Chain Mail Armor
37:31 Bow Saw
37:23 Elite Huskarl
42:43 Blast Furnace
43:03 Scale Barding Armor
43:03 Husbandry
43:13 Bloodlines
42:24 Light Cavalry
43:26 Ballistics
44:50 Hussar
45:54 Chain Barding Armor
45:33 Stone Mining
LY
10:41 Feudal Age
15:23 Castle Age
14:12 Stone Mining
14:43 Horse Collar
15:36 Loom
15:59 Town Watch
23:27 Fletching
25:51 Gold Mining
27:45 Bodkin Arrow
29:58 Padded Archer Armor
34:56 Leather Archer Armor
36:04 Wheelbarrow
39:36 Heavy Plow
40:55 Double-Bit Axe
42:02 Bow Saw
45:10 Imperial Age
43:19 Squires
44:45 Forging
45:32 Ballistics
46:15 Town Patrol
46:47 Ring Archer Armor
46:19 Bracer
47:17 Conscription
48:20 Iron Casting
47:52 Scale Barding Armor
48:53 Gold Shaft Mining
49:24 Two-Man Saw
49:27 Elite Janissary
50:56 Hand Cart
52:07 Blast Furnace
51:27 Chain Barding Armor
Walter2000
9:15 Feudal Age
11:29 Double-Bit Axe
19:36 Castle Age
17:23 Loom
20:24 Wheelbarrow
20:56 Fletching
22:08 Bodkin Arrow
24:33 Hand Cart
26:19 Horse Collar
31:42 Imperial Age
29:58 Heavy Plow
29:40 Capped Ram
32:53 Forging
32:43 Padded Archer Armor
32:50 Scale Barding Armor
32:45 Gold Mining
34:42 Iron Casting
34:43 Bow Saw
35:10 Steppe Husbandry
37:14 Gold Shaft Mining
36:56 Leather Archer Armor
37:54 Two-Man Saw
38:20 Ring Archer Armor
38:38 Ballistics
41:15 Blast Furnace
40:56 Chain Barding Armor
41:04 Conscription
42:24 Chemistry
42:00 Bloodlines
41:12 Elite Steppe Lancer
42:36 Stone Mining
Vĩnh Nguyễn HCMCity
11:29 Feudal Age
16:14 Castle Age
14:01 Loom
15:29 Double-Bit Axe
15:26 Horse Collar
15:41 Gold Mining
22:34 Stone Mining
24:12 Pikeman
37:05 Elite Skirmisher
43:12 Gold Shaft Mining
43:15 Stone Shaft Mining
Bananananna8
10:12 Feudal Age
12:07 Loom
14:57 Castle Age
13:18 Double-Bit Axe
13:24 Horse Collar
15:54 Bow Saw
18:34 Wheelbarrow
19:16 Gold Mining
20:37 Heavy Plow
24:09 Gold Shaft Mining
24:14 Pikeman
28:30 Imperial Age
26:11 Stone Mining
27:12 Scale Mail Armor
27:22 Forging
27:38 Hand Cart
27:09 Town Watch
28:41 Chain Mail Armor
28:51 Halberdier
29:18 Arson
29:20 Gambesons
29:07 Capped Ram
29:54 Siege Ram
31:55 Furor Celtica
32:49 Stone Shaft Mining
35:47 Plate Mail Armor
35:53 Iron Casting
35:44 Conscription
37:25 Hoardings
37:02 Elite Woad Raider
37:36 Stronghold
38:12 Fortified Wall
38:23 Ballistics
39:05 Chemistry
37:37 Onager
38:26 Fletching
39:36 Blast Furnace
38:45 Elite Skirmisher
38:59 Siege Onager
46:32 Siege Engineers
46:38 Masonry
48:28 Murder Holes
49:08 Bodkin Arrow
49:14 Padded Archer Armor
51:37 Leather Archer Armor
51:28 Scale Barding Armor
Thiếu Tá Võ Nguyên GIáp
0:41 Loom
12:35 Feudal Age
14:06 Wheelbarrow
13:20 Horse Collar
13:27 Double-Bit Axe
13:36 Gold Mining
18:58 Castle Age
19:57 Hand Cart
26:32 Heavy Plow
26:44 Bow Saw
30:59 Imperial Age
28:20 Town Watch
28:00 Elite Skirmisher
29:09 Andean Sling
29:28 Fletching
29:39 Padded Archer Armor
30:28 Gold Shaft Mining
30:06 Bodkin Arrow
31:51 Leather Archer Armor
31:47 Bracer
31:55 Thumb Ring
31:29 Champi Runner
32:10 Squires
31:56 Arson
32:47 Champi Warrior
34:40 Ring Archer Armor
34:10 Elite Champi Warrior
35:28 Scale Mail Armor
35:39 Forging
35:38 Caravan
36:25 Chain Mail Armor
38:15 Crop Rotation
37:38 Stone Mining
37:51 Town Patrol
39:08 Iron Casting
39:22 Plate Mail Armor
39:55 Ballistics
41:45 Fabric Shields
42:13 Conscription
44:23 Blast Furnace
Connection lost

Rejoining the realm…

Still unreachable

The connection could not be restored.

Session expired

The server has moved on; the page needs a fresh start.